 Dungeon Crawl Stone Soup version 0.27.1-33-g824d729ab1 (webtiles) character file.

Game seed: 16044394670988769690

39 Descartes the Ducker (level 3, -1/16 HPs)
             Began as a Felid Warper on Nov 24, 2021.
             Succumbed to an adder's poison
             ... on level 3 of the Dungeon.
             The game lasted 00:02:24 (2534 turns).

Descartes the Ducker (Felid Warper)                 Turns: 2534, Time: 00:02:25

Health: -1/16      AC:  1    Str:  8    XL:     3   Next: 28%
Magic:  7/7        EV: 19    Int: 14    God:
Gold:   120        SH:  0    Dex: 15    Spells: 4/6 levels left
                                        Lives:  0   Deaths: 0

rFire    . . .     SeeInvis +     - Unarmed
rCold    . . .     Faith    .   (shield unavailable)
rNeg     . . .     Spirit   .   (armour unavailable)
rPois    .         Reflect  .   (helmet unavailable)
rElec    .         Harm     .   (cloak unavailable)
rCorr    .         Rampage  .   (gloves unavailable)
Will     .....                  (boots unavailable)
Stlth    +.........             (no amulet)
HPRegen  0.05/turn              g - ring of wizardry
MPRegen  0.10/turn              (no ring)

@: mighty, lethally poisoned (-1 -> -11), quick
A: very small, claws 1, fangs 3, see invisible, speed 1, shaggy fur 1, stealthy
paws, no weapons or thrown items, no armour, multi-lived
a: no special abilities


You were on level 3 of the Dungeon.
You visited 1 branch of the dungeon, and saw 3 of its levels.

You collected 120 gold pieces.

Inventory:

Jewellery
 g - a ring of wizardry (left paw)
Wands
 h - a wand of acid (10)
 m - a wand of iceblast (9)
Scrolls
 a - a scroll of blinking
 c - a scroll of torment {unknown}
 i - a scroll of teleportation {unknown}
 j - a scroll of summoning {unknown}
 l - a scroll of amnesia {unknown}
Potions
 b - a potion of ambrosia {unknown}
 d - a potion of curing {unknown}
 e - a potion of degeneration {unknown}
 f - a potion of might
 k - 2 potions of mutation {unknown}


   Skills:
 - Level 2.0 Fighting
 * Level 4.7 Dodging
 + Level 2.6 Unarmed Combat
 - Level 2.0 Spellcasting
 - Level 4.4 Translocations


You had 4 spell levels left.
You knew the following spells:

 Your Spells              Type           Power      Damage    Failure   Level
a - Blink                 Tloc           N/A        N/A       2%          2

Your spell library contained the following spells:

 Spells                   Type           Power      Damage    Failure   Level
 Gell's Gravitas          Tloc           6%         N/A       4%          3
 Lesser Beckoning         Tloc           6%         N/A       4%          3
 Teleport Other           Tloc           13%        N/A       4%          3
 Manifold Assault         Tloc           13%        N/A       38%         5


Dungeon Overview and Level Annotations

Branches:
Dungeon (3/15)

Altars:


Innate Abilities, Weirdness & Mutations

You have sharp claws.
You have razor-sharp teeth.
You have supernaturally acute eyesight. (SInv)
You cover ground quickly. (Speed+)
You are covered in fur. (AC +1)
Your paws help you pounce on unaware monsters.
You are incapable of wielding weapons or throwing items.
You cannot wear armour.
You gain extra lives every three experience levels.


Message History

You scratch the adder.
The adder is lightly wounded.
The adder bites you.
You miss the adder.
The adder is lightly wounded.
The adder bites you.
You barely miss the adder. You bite the adder, but do no damage.
The adder is lightly wounded.
The adder bites you.
You are lethally poisoned!
The adder poisons you!
You are too injured to fight recklessly!
You are too injured to fight recklessly!
You are too injured to fight recklessly!
You are too injured to fight recklessly!
You are too injured to fight recklessly!
You are too injured to fight recklessly!
You are too injured to fight recklessly!
You are too injured to fight recklessly!
You are too injured to fight recklessly!
You are too injured to fight recklessly!
You are too injured to fight recklessly!
You are too injured to fight recklessly!
You are too injured to fight recklessly!
You are too injured to fight recklessly!
You are too injured to fight recklessly!
You are too injured to fight recklessly!
You are too injured to fight recklessly!
You are too injured to fight recklessly!
You are too injured to fight recklessly!
You scratch the adder.
The adder is moderately wounded.
* * * LOW HITPOINT WARNING * * *
You feel sick. The adder bites you.
* * * LOW HITPOINT WARNING * * *
You are more poisoned.
The adder poisons you! The adder barely misses you.
It was a potion of might.
You feel very mighty all of a sudden.
You die...

......# #........#####
.........##.#...........
..........#.#..#########
..........#.#..# #
..........#.############
..........#.............
#........##############
#......................
#.....@.###############
#....S..# #.......#
#.).....# #########


You could see an adder.

Vanquished Creatures
  A worm (D:2)
  A dart slug (D:1)
  2 ball pythons (D:1)
  An endoplasm (D:1)
  3 giant cockroaches
  2 goblins
  3 hobgoblins (D:2)
  2 jackals (D:1)
  A kobold (D:2)
  A quokka (D:1)
  7 bats
  6 frilled lizards (D:2)
  4 rats
34 creatures vanquished.

Notes
Turn   | Place    | Note
-------+----------+-------------------------------------------
     0 | D:1      | Descartes the Felid Warper began the quest for the Orb.
     0 | D:1      | Reached XP level 1. HP: 9/9 MP: 4/4
   329 | D:1      | Reached XP level 2. HP: 12/13 MP: 6/6
   559 | D:1      | Found a faded altar of an unknown god.
  1715 | D:2      | Reached XP level 3. HP: 16/16 MP: 7/7
  2271 | D:2      | Learned a level 2 spell: Blink
  2534 | D:3      | Succumbed to an adder's poison

Illustrated notes

Levels and vault maps discovered:
D:1:      matt_arrival_refuge, layout_basic,
          dreamdust_ecumenical_altar_hidden_monk_grotto
D:2:      layout_basic, minmay_fractal_squares_gapless_5
D:3:      layout_basic, old_standard_altar

Skill      XL: |  1  2 |
---------------+-------+-----
Dodging        | 4 |  4.7
Fighting       | |  2.0
Unarmed Combat | |  2.6
Spellcasting   | |  2.0
Translocations | |  4.4

Action                   || total
-------------------------++-------
Melee: Unarmed           ||   124
       Bite              ||     9
       Punch             ||     2
  Use: Potion            ||     1
 Stab: Sleeping          ||     1
Armor: Skin              ||     9
Dodge: Dodged            ||   110
